Map: Oblivion Express

Players

VaultDweller

  • Race: Protoss Protoss
  • Spawn Location: 12:00

asdf

  • Race: Terran Terran

VOD

Have the link to the VOD?

Description

Time

  • Played on: July 20, 2026, 2:52 p.m.
  • Length: 23:57
Show
View Real Time Build Order
Export as new Build Order

VaultDweller Protoss 

Build Orders:  

Get SALT Encoding   

  12  0:03  Probe (Chrono Boost)  
  13  0:21  Pylon  
  13  0:25  Probe (Chrono Boost)  
  14  0:37  Probe (Chrono Boost)  
  15  0:48  Gateway  
  15  0:50  Probe (Chrono Boost)  
  15  0:55  Assimilator  
  16  1:03  Probe (Chrono Boost)  
  17  1:12  Cybernetics Core  
  17  1:15  Probe (Chrono Boost)  
  18  1:26  Twilight Council  
  18  1:32  Probe (Chrono Boost)  
  18  1:36  Assimilator  
  19  1:44  Probe (Chrono Boost)  
  19  1:48  Kaldalis' A.I. Personality  
  20  1:54  Legionnaire  
  23  2:07  Probe (Chrono Boost)  
  24  2:13  Talis' A.I. Personality  
  25  2:24  Probe (Chrono Boost), Adept  
  27  2:33  Empowered Blades  
  28  2:41  Probe (Chrono Boost)  
  28  2:48  Warp Gate  
  28  2:58  Probe (Chrono Boost)  
  29  3:01  Pylon  
  29  3:15  Probe (Chrono Boost)  
  31  3:31  Probe (Chrono Boost)  
  31  3:35  Debilitation System  
  31  3:48  Probe (Chrono Boost)  
  31  3:49  Nexus  
  32  3:58  Assimilator  
  32  4:10  Assimilator  
  32  4:16  Probe (Chrono Boost)  
  33  4:26  Gateway  
  33  4:29  Gateway  
  34  4:33  Probe (Chrono Boost)  
  34  4:45  Gateway  
  35  4:50  Probe (Chrono Boost)  
  35  5:00  Pylon  
  35  5:06  Pylon  
  35  5:07  Probe (Chrono Boost)  
  37  5:21  Legionnaire  
  37  5:24  Probe (Chrono Boost)  
  41  5:40  Forge  
  41  5:41  Forge, Probe (Chrono Boost)  
  41  5:47  Forge  
  41  5:48  Legionnaire x2  
  47  6:21  Adept, Legionnaire  
  47  6:22  Legionnaire  
  55  6:33  Probe (Chrono Boost)  
  55  6:34  Pylon  
  55  6:36  Pylon  
  55  6:37  Probe (Chrono Boost)  
  57  6:40  Purifier Armaments, Observation Protocol  
  57  6:45  Probe (Chrono Boost)  
  59  6:54  Probe (Chrono Boost)  
  59  6:57  Legionnaire  
  59  6:58  Probe (Chrono Boost), Legionnaire  
  66  7:00  Adept x2  
  70  7:27  Probe (Chrono Boost)  
  72  7:32  Probe (Chrono Boost)  
  72  7:40  Probe (Chrono Boost)  
  72  7:42  Robotics Facility  
  72  7:49  Probe (Chrono Boost)  
  74  7:52  Robotics Facility  
  74  7:53  Probe (Chrono Boost)  
  74  7:56  Robotics Facility  
  75  8:01  Robotics Bay  
  75  8:05  Probe (Chrono Boost)  
  75  8:06  Probe (Chrono Boost)  
  77  8:12  Protoss Ground Weapons Level 1, Protoss Ground Armor Level 1  
  77  8:13  Protoss Shields Level 1  
  78  8:22  Probe (Chrono Boost)  
  78  8:23  Adept x3  
  78  8:24  Adept  
  86  8:35  Taldarin's A.I. Personality  
  86  9:21  Pylon  
  86  9:23  Pylon  
  86  9:25  Pylon  
  86  9:27  Pylon  
  86  9:29  Pylon  
  86  9:31  Pylon  
  86  9:32  Protoss Air Weapons Level 1  
  86  9:33  Pylon  
  86  9:35  Pylon  
  86  9:41  Pylon  
  86  9:48  Warbringer's A.I. Personality  
  86  9:53  Cybernetics Core  
  86  10:04  Stargate  
  86  10:05  Immortal  
  86  10:06  Immortal x2, Stargate  
  86  10:08  Stargate  
  98  10:11  Fleet Beacon  
  98  10:27  Gravimetric Overload  
  98  10:54  Legionnaire  
  98  10:55  Adept x2  
  98  10:56  Adept  
  98  10:58  Mojo's A.I. Personality  
  98  10:59  Protoss Ground Weapons Level 2, Protoss Ground Armor Level 2, Protoss Shields Level 2  
  107  11:00  Immortal  
  107  11:01  Immortal x2  
  119  11:43  Clolarion's A.I. Personality  
  119  11:55  Colossus  
  119  11:56  Colossus x2  
  137  12:13  Scout x3  
  146  12:35  Suppression Procedure  
  146  12:43  Scout x3  
  146  12:44  Pylon  
  146  12:45  Pylon  
  146  12:47  Pylon  
  155  12:50  Pylon  
  155  12:52  Pylon  
  155  13:13  Scout x2, Carrier  
  167  13:37  Protoss Air Weapons Level 2  
  167  13:40  Protoss Air Armor Level 1  
  167  13:42  Purification Blast  
  167  13:43  Carrier x2, Interdictors  
  179  13:53  Observer  
  179  13:54  Observer x2  
  182  14:29  Protoss Ground Weapons Level 3, Protoss Ground Armor Level 3, Protoss Shields Level 3  
  182  15:12  Extended Thermal Lance  
  182  15:13  Combat Sensor Array, Carrier  
  188  15:40  Legionnaire x2  
  188  15:41  Adept x2  
  198  16:13  Graviton Catapult  
  198  16:24  Protoss Air Armor Level 2  
  198  16:42  Gravitic Boosters  
  193  19:08  Scout  
  193  19:09  Scout  
  196  19:30  Protoss Air Weapons Level 3  
  189  20:50  Legionnaire  
  189  20:51  Legionnaire, Adept x2  
  198  22:51  Observer x2  
Show
View Real Time Build Order
Export as new Build Order

asdf Terran 

Build Orders:  

Get SALT Encoding   

  12  0:03  SCV  
  13  0:20  SCV  
  14  0:34  Refinery  
  14  0:37  SCV  
  14  0:39  Refinery  
  15  0:54  SCV  
  16  1:11  Muscle Armory, SCV  
  17  1:28  SCV  
  18  1:45  SCV  
  19  2:02  SCV  
  20  2:19  SCV  
  21  2:36  SCV  
  22  2:53  SCV  
  23  3:01  Tychus  
  23  3:02  Kev Rattlesnake West  
  33  3:10  SCV  
  34  3:20  Engineering Bay  
  34  3:27  SCV  
  35  3:34  Engineering Bay  
  35  3:44  SCV  
  36  4:15  SCV  
  37  4:36  SCV  
  37  4:38  Command Center  
  38  4:45  Medivac Platform  
  38  4:50  Outlaw Weapons Level 1  
  38  5:14  Medivac Platform  
  38  5:55  Umojan Signal Modulator  
  38  6:26  SCV x2  
  40  6:32  ITC-E Triggers  
  40  6:43  SCV x2  
  42  6:53  Refinery  
  42  6:59  Refinery  
  42  7:00  SCV x2  
  44  7:17  SCV x2, Outlaw Weapons Level 2  
  46  7:34  SCV x2  
  48  7:55  Gunslingers Hideout  
  48  8:08  SCV x2  
  50  8:17  Medivac Platform  
  50  8:25  SCV x2  
  50  8:28  Endurance Supplements  
  52  8:49  Vanadium Shell  
  52  8:52  SCV  
  52  8:55  SCV  
  54  9:24  SCV x2  
  56  9:41  SCV x2  
  56  9:47  Fixers Safehouse  
  58  9:53  Auto-Turret  
  58  9:57  Auto-Turret  
  58  9:58  Auto-Turret  
  58  9:59  Outlaw Weapons Level 3  
  58  10:05  SCV x2  
  60  10:22  SCV  
  61  11:15  James Sirius Sykes  
  71  11:55  SA-55 Thunderbolt Missiles  
  71  12:12  Flashforce GDM Visor  
  71  12:30  Kel-Morian Ripper Rounds  
  71  14:16  Outlaw Weapons Level 4  
  71  14:33  Moebius M34 Terror Rounds  
  71  14:48  Moebius Aggression Blend  
  71  15:24  Nux  
  81  15:38  D99 Detonator  
  81  15:46  KD9a Implosion Core  
  81  15:59  Outlaw Life and Armor Level 1  
  81  16:35  SureShot Networked Helmet  
  81  16:50  T4 Cloudburst Shells  
  81  17:16  Ultrasonic Boosters  
  81  17:47  Crystalline Amplifiers  
  81  18:00  Outlaw Weapons Level 5  
  81  18:32  Secret Stash Stimpack  
  81  18:35  Outlaw Life and Armor Level 2  
  81  20:31  N3 Networking  
  81  21:04  Crooked Sam  
  91  21:16  LarsCorp G7 Charges  
  91  21:45  Moebius Restraint Matrix  
  91  22:26  Procyon Shade Suit  
  91  23:23  Enhanced Hostilities Kit  
Tags
 
Add a new tag
Caveats
  • Supply blocks, unpowered buildings, or Contaminate may cause inaccurate times.
  • Supply counts are checked every 10 seconds.